 Dungeon Crawl Stone Soup version 0.30-a0-782-ge64f9170bb (webtiles) character file.

Game seed: 15044458873306986205

53 mopl the Stinger (level 4, 0/30 HPs)
             Began as a Formicid Venom Mage on Mar 10, 2023.
             Slain by a goblin
             ... wielding a +0 mace
              (2 damage)
             ... on level 2 of the Dungeon.
             The game lasted 00:01:56 (917 turns).

mopl the Stinger (Formicid Venom Mage)               Turns: 917, Time: 00:01:57

Health: 0/30       AC:  2    Str: 12    XL:     4   Next: 10%
Magic:  0/8        EV: 12    Int: 17    God:
Gold:   40         SH:  0    Dex: 14    Spells: 8/9 levels left

rFire   . . .      SeeInvis +    e - +0 short sword
rCold   . . .      Faith    .    (no shield)
rNeg    . . .      Spirit   .    a - +0 robe
rPois   .          Reflect  .    (helmet unavailable)
rElec   .          Harm     .    (no cloak)
rCorr   .          Rampage  .    (no gloves)
Will    .....                    (no boots)
Stlth   ++                       (no amulet)
HPRegen 0.25/turn                (no ring)
MPRegen 0.11/turn                (no ring)

@: very slightly contaminated
A: permanent stasis, dig shafts and tunnels, antennae 3, four strong arms
a: Dig, Shaft Self


You were on level 2 of the Dungeon.
You visited 1 branch of the dungeon, and saw 2 of its levels.

You collected 40 gold pieces.

Inventory:

Hand Weapons
 e - a +0 short sword (weapon)
Armour
 a - a +0 robe (worn)
Scrolls
 c - a scroll of fear {unknown}
 d - 2 scrolls of teleportation {unknown}
 f - a scroll of noise {unknown}
 g - a scroll of amnesia {unknown}
 h - a scroll of blinking {unknown}
 i - a scroll of magic mapping {unknown}
Potions
 b - a potion of magic


   Skills:
 - Level 1.7 Dodging
 - Level 2.4 Stealth
 - Level 3.0 Spellcasting
 - Level 1.1 Transmutations
 + Level 5.6 Poison Magic


You had 8 spell levels left.
You knew the following spells:

 Your Spells              Type           Power      Damage    Failure   Level
a - Sting                 Tmut/Pois      52%        1d5       4%          1

Your spell library contained the following spells:

 Spells                   Type           Power      Damage    Failure   Level
 Poisonous Vapours        Pois/Air       24%        N/A       9%          2
 Olgreb's Toxic Radiance  Pois           21%        N/A       17%         4
 Mephitic Cloud           Conj/Pois/Air  8%         N/A       24%         3


Dungeon Overview and Level Annotations

Branches:
Dungeon (2/15)

Altars:


Innate Abilities, Weirdness & Mutations

You cannot be hasted, slowed, berserked, paralysed or teleported.
You can dig through walls and to a lower floor.
You have a pair of large antennae on your head. (SInv)
Your four strong arms can wield two-handed weapons with a shield.


Message History

The sting hits the hobgoblin.
The hobgoblin looks as sick as possible!
You kill the hobgoblin!
The goblin hits you with a +0 mace.
You are too injured to fight recklessly!
You are too injured to fight recklessly!
You are too injured to fight recklessly!
You are too injured to fight recklessly!
Casting: Sting (safe; 4% risk of failure)
Confirm with . or Enter, or press ? or * to list all spells.
Aiming: Sting (safe; 4% risk of failure)
Press: ? - help, Shift-Dir - straight line, f - ball python
Aim: a ball python (68% to hit)
You miscast Sting.
You are very lightly contaminated with residual magic.
Nothing appears to happen.
The ball python bites you. The ball python grabs you.
The ball python constricts you. The goblin hits you with a +0 mace.
Unknown command.
Casting: Sting (safe; 4% risk of failure)
Confirm with . or Enter, or press ? or * to list all spells.
Aiming: Sting (safe; 4% risk of failure)
Press: ? - help, Shift-Dir - straight line, f/p - ball python
Aim: a ball python (constricting you, 68% to hit)
The sting hits the ball python.
The ball python is poisoned.
The ball python is moderately wounded.
The ball python bites you.
* * * LOW HITPOINT WARNING * * *
The ball python constricts you. The goblin hits you with a +0 mace!
* * * LOW HITPOINT WARNING * * *
Unknown command.
Casting: Sting (safe; 4% risk of failure)
Confirm with . or Enter, or press ? or * to list all spells.
Aiming: Sting (safe; 4% risk of failure)
Press: ? - help, Shift-Dir - straight line, f/p - ball python
Aim: a ball python (moderately wounded, constricting you, poisoned, 68% to hit)
The sting hits the ball python.
The ball python looks even sicker.
You kill the ball python!
The goblin hits you with a +0 mace.
You die...

..........# #.###
#.#......# #.... .
#.#...<..# #.)## ..
#.#...)..###.... ...
###.#.(...........
....###..........!##....
........................
......#...............#.
#.?@...)........†###
.....##g.........>.#.###
### #.........†.......
...........#).....##
..............###..#
#........#..#.## ##.#
#.............# .#
#........$....$ ..
..........#.# ##


You could see a goblin.

Vanquished Creatures
  A worm (D:2)
  6 dart slugs
  5 ball pythons
  3 endoplasms
  4 goblins
  8 hobgoblins
  2 bats (D:1)
  A frilled lizard (D:1)
  3 kobolds (D:1)
  5 rats (D:1)
38 creatures vanquished.

Notes
Turn   | Place    | Note
-------+----------+-------------------------------------------
     0 | D:1      | mopl the Formicid Venom Mage began the quest for the Orb.
     0 | D:1      | Reached XP level 1. HP: 13/13 MP: 3/3
    97 | D:1      | Reached XP level 2. HP: 19/19 MP: 1/5
   452 | D:1      | Reached XP level 3. HP: 24/24 MP: 4/7
   469 | D:1      | Reached skill level 3 in Spellcasting
   501 | D:1      | Found a faded altar of an unknown god.
   510 | D:1      | Reached skill level 5 in Poison Magic
   832 | D:2      | Reached XP level 4. HP: 27/30 MP: 1/8
   916 | D:2      | HP: 1/30 [goblin/+0 mace (7)]
   917 | D:2      | Slain by a goblin

Illustrated notes

Levels and vault maps discovered:
D:1:      sevenhm_arrival_forest_fort_small_4, layout_basic,
          hellmonk_ecumenical_altar_prayer_group,
          amcnicky_mini_rare_corridor_liquid
D:2:      layout_rooms, uniq_crazy_yiuf_cottage

Skill      XL: |  1  2  3 |
---------------+----------+-----
Spellcasting   | 3 |  3.0
Poison Magic   | 5 |  5.6
Dodging        | |  1.7
Stealth        | |  2.4
Transmutations | |  1.1

Action                     |  1- 3 |  4- 6 || total
---------------------------+-------+-------++-------
  Melee: Unarmed           |    11 |       ||    11
         Short sword       |    39 |     9 ||    48
   Cast: Sting             |    49 |     9 ||    58
   Stab: Distracted        |     1 |       ||     1
 Armour: Robe              |     9 |     1 ||    10
  Dodge: Dodged            |    36 |    11 ||    47

Table legend: (Time is in decaauts)
 A = Elapsed time spent in this place.
 B = Non-inter-level travel time spent in this place.
 C = Inter-level travel time spent in this place.
 D = Time resting spent in this place.
 E = Time spent auto-exploring this place.
 F = Levels seen in this place.
 G = Mean time per level.
                   A        B        C        D        E       F      G
               +--------+--------+--------+--------+--------+-----+--------+
         Total |    928 |    921 |      7 |    133 |    505 |   2 |  464.0 |
       Dungeon |    928 |    921 |      7 |    133 |    505 |   2 |  464.0 |
               +--------+--------+--------+--------+--------+-----+--------+

Top non-repeatable levels by time:
     D:1: 758 daAuts
     D:2: 169 daAuts
